 Dungeon Crawl Stone Soup version 0.26-a0-602-gd42a14c23b (webtiles) character file.

Game seed: 6828776190469126555

1708 Krehm the Skirmisher (level 8, -6/65 HPs)
             Began as a Demonspawn Fighter on Aug 30, 2020.
             Was a Believer of Yredelemnul.
             Killed by divine providence
             ... invoked by an orc priest
              (11 damage)
             ... on level 7 of the Dungeon.
             The game lasted 00:20:36 (5636 turns).

Krehm the Skirmisher (Demonspawn Fighter)           Turns: 5636, Time: 00:20:37

Health: -6/65      AC:  6    Str: 19    XL:     8   Next: 73%
Magic:  12/12      EV:  7    Int: 16    God:    Yredelemnul [**....]
Gold:   346        SH: 19    Dex: 12    Spells: 7/7 levels left

rFire    . . .     SeeInvis .   a - +1 flail
rCold    . . .     Faith    .   c - +0 kite shield
rNeg     . . .     Spirit   .   b - +0 scale mail
rPois    .         Reflect  +   (no helmet)
rElec    .         Harm     .   (no cloak)
rCorr    .                      (no gloves)
MR       .....                  (no boots)
Stlth    ..........             q - amulet of reflection
HPRegen  0.20/turn              u - +6 ring of intelligence
MPRegen  0.13/turn              (no ring)

@: no status effects
A: talons 2, large bone plates 1, demonic guardian 1, spiny 1
a: Animate Remains, Recall Undead Slaves, Injury Mirror, Renounce Religion


You were on level 7 of the Dungeon.
You worshipped Yredelemnul.
Yredelemnul was pleased with you.
You visited 1 branch of the dungeon, and saw 7 of its levels.

You collected 346 gold pieces.

Inventory:

Hand Weapons
 a - a +1 flail (weapon)
Missiles
 i - 9 boomerangs (quivered)
Armour
 b - a +0 scale mail (worn)
 c - a +0 kite shield (worn)
Jewellery
 q - an amulet of reflection (around neck)
 u - a +6 ring of intelligence (left hand)
 x - an uncursed amulet of guardian spirit {unknown}
 y - an uncursed amulet of the acrobat {unknown}
Wands
 t - a wand of enslavement (5)
Scrolls
 f - 5 scrolls of teleportation {unknown}
 h - 2 scrolls of blinking {unknown}
 k - 3 scrolls of remove curse {unknown}
 l - 2 scrolls of random uselessness {unknown}
 n - a scroll of enchant weapon
 p - 3 scrolls of fear
 s - 2 scrolls of identify
 w - a scroll of amnesia {unknown}
Potions
 d - a potion of might
 e - a potion of cancellation {unknown}
 g - 2 potions of flight
 j - a potion of lignification {unknown}
 m - a potion of invisibility {unknown}
 o - 3 potions of curing {unknown}
 r - 3 potions of heal wounds
 v - 2 potions of berserk rage
 z - a potion of haste {unknown}


   Skills:
 + Level 6.6 Fighting
 + Level 5.5 Maces & Flails
 - Level 2.6 Armour
 + Level 6.0 Shields
 + Level 5.9 Invocations


You had 7 spell levels left.
You didn't know any spells.
Your spell library was empty.

Dungeon Overview and Level Annotations

Branches:
Dungeon (7/15)             Temple (0/1) D:6

Altars:
Dithmenos
Gozag
Makhleb
Okawaru
Sif Muna
Trog
Xom
Yredelemnul

Shops:
D:5 !


Innate Abilities, Weirdness & Mutations

You have razor-sharp toenails.
You are partially covered in large bone plates. (SH +4)
A weak demonic guardian rushes to your aid.
You are partially covered in sharp spines.


Message History

Beogh smites you!
* * * LOW HITPOINT WARNING * * *
You miss something.
You hear some strange, mumbled words.
Something tries to affect you, but you resist.
Your scale mail prevents you from hitting something.
The orc priest invokes the aid of Beogh against you.
Beogh smites you!
* * * LOW HITPOINT WARNING * * *
Something hits you.
* * * LOW HITPOINT WARNING * * *
You swap places.
Something hits your iron imp but does no damage.
Your iron imp hits something.
Something hits your iron imp but does no damage.
Your iron imp barely misses something.
The orc priest invokes the aid of Beogh against you.
Beogh smites you!
You die...
Your body rises from the dead as a mindless zombie.

#.oo. .).
#o# #{# #.#
#o# #.#
#{#########
#o)5..@..<#
###########


You could see an orc priest and a friendly iron imp (summoned).

Vanquished Creatures
  An ice beast (D:6)
  A sky beast (D:6)
  2 phantoms (D:6)
  2 bullfrogs
  A wyvern skeleton (D:6)
  3 howler monkeys (D:6)
  A crimson imp (D:5)
  A jelly (D:6)
  4 orc wizards
  2 hounds
  2 bullfrog skeletons
  3 orc priests
  2 worker ants (D:6)
  An iguana (D:6)
  A killer bee zombie (D:5)
  A hound skeleton (D:6)
  A worker ant zombie (D:6)
  3 gnolls (D:6)
  4 adders
  2 white imps (D:5)
  An ufetubus (D:6)
  2 oozes
  An adder zombie (D:6)
  2 adder skeletons (D:5)
  2 worms
  A dart slug (D:1)
  3 leopard geckos
  14 orcs
  11 giant cockroaches
  6 goblins
  7 hobgoblins
  9 jackals
  2 quokkas
  2 ball pythons
  5 bats
  3 frilled lizards
  A jackal skeleton (D:5)
  2 kobolds
  A leopard gecko skeleton (D:4)
  4 rats (D:2)
117 creatures vanquished.

Vanquished Creatures (collateral kills)
  Sigmund (D:3)
  Menkaure (D:4)
  An ogre (D:5)
  A phantom (D:6)
  2 bullfrogs (D:6)
  A worker ant (D:3)
  2 orcs (D:7)
  A jackal (D:6)
  A leopard gecko skeleton (D:4)
11 creatures vanquished.

Grand Total: 128 creatures vanquished

Notes
Turn   | Place    | Note
-------+----------+-------------------------------------------
     0 | D:1      | Krehm the Demonspawn Fighter began the quest for the Orb.
     0 | D:1      | Reached XP level 1. HP: 18/18 MP: 1/1
   156 | D:1      | Gained mutation: You are partially covered in sharp spines.
                  | [demonic ancestry]
   156 | D:1      | Reached XP level 2. HP: 17/24 MP: 2/2
   890 | D:2      | Gained mutation: A weak demonic guardian rushes to your
                  | aid. [demonic ancestry]
   890 | D:2      | Reached XP level 3. HP: 29/29 MP: 3/3
  1028 | D:2      | Found a basalt altar of Yredelemnul.
  1031 | D:2      | Found an iron altar of Okawaru.
  1043 | D:2      | Became a worshipper of Yredelemnul the Dark
  1106 | D:2      | You fall into a shaft and drop 2 floors!
  1130 | D:3      | Gained mutation: You have sharp toenails. [demonic
                  | ancestry]
  1130 | D:3      | Reached XP level 4. HP: 37/37 MP: 4/4
  1538 | D:2      | Found a shimmering blue altar of Sif Muna.
  1672 | D:3      | Noticed Sigmund
  1980 | D:3      | Killed Sigmund
  1980 | D:3      | Gained mutation: You have razor-sharp toenails. [demonic
                  | ancestry]
  1980 | D:3      | Reached XP level 5. HP: 12/42 MP: 5/5
  2355 | D:3      | Reached * piety under Yredelemnul
  2554 | D:3      | Found a faded altar of an unknown god.
  2801 | D:4      | Reached XP level 6. HP: 48/49 MP: 6/6
  2874 | D:4      | Noticed Menkaure
  2897 | D:4      | Killed Menkaure
  2897 | D:4      | Reached skill level 1 in Invocations
  3296 | D:4      | Reached skill level 5 in Fighting
  3308 | D:4      | Gained mutation: You are partially covered in large bone
                  | plates. (SH +4) [demonic ancestry]
  3308 | D:4      | Reached XP level 7. HP: 44/56 MP: 8/8
  3707 | D:5      | Entered Level 5 of the Dungeon
  3769 | D:5      | Found a shadowy altar of Dithmenos.
  3955 | D:5      | Found a shimmering altar of Xom.
  3956 | D:5      | Found a burning altar of Makhleb.
  4250 | D:5      | Found Caoss's Distillery.
  4506 | D:6      | Found a bloodstained altar of Trog.
  4636 | D:6      | Reached skill level 5 in Shields
  4642 | D:6      | Found an opulent altar of Gozag.
  4692 | D:6      | Reached XP level 8. HP: 23/64 MP: 11/11
  5006 | D:6      | Reached ** piety under Yredelemnul
  5006 | D:6      | Reached skill level 5 in Maces & Flails
  5113 | D:6      | Reached skill level 5 in Invocations
  5172 | D:6      | Found a staircase to the Ecumenical Temple.
  5636 | D:7      | Killed from afar by an orc priest

Illustrated notes

Levels and vault maps discovered:
D:1:      dpeg_arrival_simpleton_b, layout_basic
D:2:      minmay_roachtagon, layout_basic, old_standard_altar,
          grunt_temple_overflow_open
D:3:      layout_rooms, chequers_ecumenical_altar_grove,
          chequers_serial_rivers_micro_a, minmay_misc_feat_diagonals,
          uniq_sigmund
D:4:      layout_rooms, minivault_25, st_stairs_12, uniq_menkaure
D:5:      layout_gridville, grunt_temple_overflow_champion_of_chaos,
          grunt_dithmenos_smoke_and_mirrors, serial_shops, shop_statue
D:6:      layout_loops_ring, minitemple, minmay_temple_entry_poolview,
          kennysheep_big_empty_room
D:7:      layout_basic, minmay_misc_feat_cross

Skill      XL: |  1  2  3  4  5  6  7  8 |
---------------+-------------------------+-----
Maces & Flails | 2 3 4 5 |  5.5
Shields        | 3 4 5 6 |  6.0
Fighting       | 4 5 6 |  6.6
Invocations    | 2 4 5 |  5.9
Armour         | |  2.6

Action                   |  1- 3 |  4- 6 |  7- 9 || total
-------------------------+-------+-------+-------++-------
Melee: Flail             |   101 |   117 |   146 ||   364
       Kick              |       |    35 |    36 ||    71
Throw: Boomerang         |    26 |     3 |       ||    29
  Use: Scroll            |     1 |     6 |       ||     7
Armor: Scale mail        |    41 |    12 |    17 ||    70
Dodge: Dodged            |    25 |    22 |    17 ||    64
Block: Kite shield       |    52 |    83 |   116 ||   251
       Reflection        |       |     2 |       ||     2

Table legend: (Time is in decaauts)
 A = Elapsed time spent in this place.
 B = Non-inter-level travel time spent in this place.
 C = Inter-level travel time spent in this place.
 D = Time resting spent in this place.
 E = Time spent auto-exploring this place.
 F = Levels seen in this place.
 G = Mean time per level.
                   A        B        C        D        E       F      G
               +--------+--------+--------+--------+--------+-----+--------+
         Total |   5757 |   5572 |    185 |   1351 |   2860 |   7 |  822.4 |
       Dungeon |   5757 |   5572 |    185 |   1351 |   2860 |   7 |  822.4 |
               +--------+--------+--------+--------+--------+-----+--------+

Top non-repeatable levels by time:
     D:2: 1056 daAuts
     D:4: 1003 daAuts
     D:6: 988 daAuts
     D:5: 925 daAuts
     D:1: 878 daAuts
     D:3: 857 daAuts
     D:7: 47 daAuts
